 Dungeon Crawl Stone Soup version 0.26-b1-32-g5d43845318 (webtiles) character file.

Game seed: 9815845282735921532

9920 Goblin1989 the Martial Artist (level 11, -16/86 HPs)
             Began as a Demonspawn Brigand on Jan 6, 2021.
             Was an Initiate of Gozag.
             Demolished by a white ugly thing (22 damage)
             ... in an ice cave.
             The game lasted 00:49:55 (16214 turns).

Goblin1989 the Martial Artist (Demonspawn Brigand) Turns: 16214, Time: 00:49:56

Health: -16/86     AC: 14    Str: 14    XL:     11   Next: 29%
Magic:  11/11      EV: 17    Int: 12    God:    Gozag
Gold:   1764       SH:  5    Dex: 16    Spells: 4/10 levels left

rFire    . . .     SeeInvis +     - Unarmed
rCold    . . .     Faith    .   G - +0 buckler
rNeg     . . .     Spirit   .   y - +6 leather armour the Barnacled Jackalope {-Cast Rampage +Inv SInv}
rPois    .         Reflect  .   V - +2 helmet
rElec    .         Harm     .   c - +1 cloak
rCorr    .         Rampage  +   (gloves unavailable)
Will     +....     NoCast   +   (no boots)
Stlth    +++.......             r - amulet of regeneration
HPRegen  0.64/turn              (no ring)
MPRegen  0.12/turn              (no ring)

@: gold aura
A: claws 3, blurry vision 1, demonic guardian 2, strong-willed 1, evolution 1,
sturdy frame 1
a: Renounce Religion, Evoke Invisibility, Potion Petition, Call Merchant, Bribe
Branch


You were in an ice cave.
You worshipped Gozag.
Gozag was most pleased with you.
You visited 3 branches of the dungeon, and saw 13 of its levels.
You also visited: Ossuary and Ice Cave.

You collected 2212 gold pieces.
You paid 448 gold pieces to Gozag.

Inventory:

Hand Weapons
 a - a +2 dagger
 k - a +0 hunting sling
 w - a +1 scimitar of flaming
 C - the +8 demon trident "Rift" {distort, reach+}
   (You found it on level 7 of the Dungeon)

   It warps and distorts space around it.
   Unwielding it can cause banishment or high damage.
Missiles
 d - 39 poisoned darts (quivered)
 l - 550 stones {@Q3}
 n - 103 sling bullets
 s - 7 atropa-tipped darts
 F - 8 silver javelins {@Q2}
 W - 2 curare-tipped darts
 Z - 2 throwing nets {!d , @Q1}
Armour
 c - a +1 cloak (worn)
 y - the +6 leather armour the Barnacled Jackalope (worn) {-Cast Rampage +Inv SInv}
   (You found it on level 8 of the Dungeon)

   It lets you see invisible.
   It lets you turn invisible.
   It prevents spellcasting.
   It bestows one free step when moving towards enemies.
 E - a +0 scale mail
 G - a +0 buckler (worn)
 H - a +0 leather armour of poison resistance
 U - a scarf of invisibility
 V - a +2 helmet (worn)
Jewellery
 r - an amulet of regeneration (around neck)
Wands
 v - a wand of acid (12) {@v2}
 x - a wand of random effects (25)
 D - a wand of iceblast (10) {@v4}
 X - a wand of flame (56) {@v6}
Scrolls
 q - a scroll of remove curse {@r3}
 t - 2 scrolls of vulnerability {unknown}
 u - 2 scrolls of enchant armour
 A - a scroll of fear {unknown}
 K - 2 scrolls of immolation
 M - 2 scrolls of magic mapping
 R - 2 scrolls of identify {@r1}
 S - a scroll of fog {unknown}
 T - 4 scrolls of teleportation {!r, @r2}
 Y - 3 scrolls of enchant weapon {unknown}
Potions
 g - a potion of magic
 o - a potion of flight
 z - a potion of cancellation {unknown}
 B - 2 potions of invisibility
 I - a potion of lignification
 J - a potion of attraction
 L - 5 potions of berserk rage
 N - 5 potions of curing {@q1}
 O - 2 potions of haste {@q3,}
 P - 2 potions of brilliance
 Q - a potion of resistance {@q6}


   Skills:
 + Level 7.9 Fighting
 - Level 3.0 Short Blades
 - Level 1.7 Throwing
 - Level 4.0 Armour
 + Level 6.9 Dodging
 - Level 4.0 Stealth
 - Level 4.0 Shields
 * Level 9.8 Unarmed Combat
 - Level 6.0 Evocations


You had 4 spell levels left.
You knew the following spells:

 Your Spells              Type           Power        Failure   Level
Y - Statue Form           Tmut/Erth      0%           100%        6

Your spell library contained the following spells:

 Spells                   Type           Power        Failure   Level
 Animate Skeleton         Necr           0%           34%         1
 Apportation              Tloc           0%           34%         1
 Corona                   Hex            0%           34%         1
 Freeze                   Ice            0%           34%         1
 Pain                     Necr           0%           34%         1
 Shock                    Conj/Air       0%           34%         1
 Summon Small Mammal      Summ           0%           34%         1
 Corpse Rot               Necr/Air       N/A          45%         2
 Ensorcelled Hibernation  Hex/Ice        0%           45%         2
 Swiftness                Air            0%           45%         2
 Confusing Touch          Hex            0%           71%         3
 Dazzling Flash           Conj/Hex       0%           71%         3
 Frozen Ramparts          Ice            0%           71%         3
 Ozocubu's Armour         Ice            0%           71%         3
 Tukima's Dance           Hex            0%           71%         3
 Vampiric Draining        Necr           0%           71%         3
 Airstrike                Air            0%           98%         4
 Animate Dead             Necr           0%           98%         4
 Hailstorm                Conj/Ice       0%           98%         4
 Ice Form                 Ice/Tmut       0%           98%         4
 Leda's Liquefaction      Hex/Erth       0%           98%         4
 Olgreb's Toxic Radiance  Pois           0%           98%         4
 Summon Ice Beast         Ice/Summ       0%           98%         4
 Agony                    Necr           0%           100%        5
 Alistair's Intoxication  Tmut/Pois      0%           100%        5
 Bolt of Magma            Conj/Fire/Erth 0%           100%        5
 Silence                  Hex/Air        0%           100%        5
 Conjure Ball Lightning   Conj/Air       0%           100%        6
 Iron Shot                Conj/Erth      0%           100%        6
 Simulacrum               Ice/Necr       0%           100%        6
 Shatter                  Erth           0%           100%        9


Dungeon Overview and Level Annotations

Branches:
Dungeon (10/15)            Temple (1/1) D:6            Lair (2/6) D:10
    Orc (0/2) D:9         Ossuary (visited)           IceCv (1/1)
  Swamp: Lair:2-4    Shoals: Lair:2-4     Snake: Lair:2-4    Spider: Lair:2-4

Altars:
Ashenzari
Elyvilon
Fedhas
Gozag
Hepliaklqana
Kikubaaqudgha
Makhleb
Nemelex Xobeh
Okawaru
Ru
Sif Muna
Trog
Vehumet
Wu Jian
Xom
Zin

Annotations:
Lair:1 2 runed translucent doors, Kuidesed's ghost, journeyman DrCj


Innate Abilities, Weirdness & Mutations

You have claws for hands.
A demonic guardian rushes to your aid.
Your movements are slightly less encumbered by armour. (ER -2)
Scrolls take you a little longer to read.
You are strong-willed. (Will+)
You evolve.


Message History

The ice beast becomes distracted by the nearby gold, dreaming of imaginary riches.
The ice beast hits you but does no damage. x2
The ice beast misses you.
You completely miss the ice beast.
The ice beast is moderately wounded.
The white ugly thing closely misses you.
The ice beast barely misses you.
You scratch the ice beast but do no damage.
The ice beast is moderately wounded.
The ice beast is no longer distracted by gold.
The ice beast misses you. The ice beast barely misses you.
You block the white ugly thing's attack.
The ice beast completely misses you.
You closely miss the ice beast.
The ice beast is moderately wounded.
The ice beast completely misses you. You block the ice beast's attack.
You block the white ugly thing's attack.
You mangle the ice beast!!
The ice beast is almost dead.
The ice beast becomes distracted by the nearby gold, dreaming of imaginary riches.
The ice beast hits you but does no damage.
The ice beast barely misses you.
You barely miss the ice beast.
The ice beast is no longer distracted by gold.
The ice beast is almost dead.
The white ugly thing completely misses you.
The ice beast hits you. The ice beast freezes you.
The ice beast barely misses you. x2
You take 7 damage, and have 72/86 hp.
You closely miss the ice beast.
The ice beast is almost dead.
You block the white ugly thing's attack.
The ice beast hits you but does no damage.
The ice beast misses you. The ice beast barely misses you.
You claw the ice beast!
You kill the ice beast!
The white ugly thing becomes distracted by the nearby gold, dreaming of imaginary riches.
The white ugly thing gurgles horribly!
You claw the white ugly thing!
The white ugly thing is no longer distracted by gold.
The white ugly thing is lightly wounded.
The ice beast hits you but does no damage.
The ice beast misses you.
The ice beast hits you but does no damage.
The white ugly thing closely misses you.
You barely miss the white ugly thing.
The white ugly thing is lightly wounded.
The ice beast hits you but does no damage. x2
The ice beast misses you. The white ugly thing stings you.
The white ugly thing freezes you!!
You take 24 damage, and have 50/86 hp.
MASSIVE DAMAGE!!
You are too injured to fight recklessly!
You are too injured to fight recklessly!
You are too injured to fight recklessly!
You are too injured to fight recklessly!
You are too injured to fight recklessly!
You are too injured to fight recklessly!
You are too injured to fight recklessly!
You are too injured to fight recklessly!
You are too injured to fight recklessly!
You are too injured to fight recklessly!
You are too injured to fight recklessly!
You are too injured to fight recklessly!
You are too injured to fight recklessly!
You are too injured to fight recklessly!
You are too injured to fight recklessly!
You are too injured to fight recklessly!
You are too injured to fight recklessly!
You are too injured to fight recklessly!
You are too injured to fight recklessly!
You scratch the ice beast.
The ice beast is lightly wounded.
The ice beast barely misses you.
The ice beast hits you but does no damage.
The ice beast becomes distracted by the nearby gold, dreaming of imaginary riches.
You scratch the ice beast.
The ice beast is moderately wounded.
The ice beast completely misses you. The white ugly thing stings you.
The white ugly thing freezes you!!
* * * LOW HITPOINT WARNING * * *
The ice beast misses you. The ice beast completely misses you.
You take 25 damage, and have 26/86 hp.
MASSIVE DAMAGE!!
You claw the ice beast!
The ice beast is almost dead.
The ice beast hits you but does no damage.
The white ugly thing closely misses you.
You barely miss the ice beast.
The ice beast is almost dead.
The ice beast is no longer distracted by gold.
The ice beast hits you.
* * * LOW HITPOINT WARNING * * *
The ice beast freezes you!
* * * LOW HITPOINT WARNING * * *
Your soul eater closely misses the white ugly thing.
The ice beast hits you but does no damage.
The ice beast barely misses you. The white ugly thing stings you!
* * * LOW HITPOINT WARNING * * *
The white ugly thing freezes you!!
You die...
Your body crumbles into a pile of gold. ████

████...██
██........
██.........
██Y.........
█@u.....8..$
█YY3......$.
█Y∩.∩....$©$
█.........$.
█.......8..!
██..........
██.........
██........
████...██


You could see a white ugly thing, 4 ice beasts and a friendly soul eater
(summoned).

Vanquished Creatures
  A hydra (Lair:1)
  Erica (D:8)
  A two-headed ogre (D:7)
  A manticore (D:7)
  A komodo dragon (Lair:1)
  5 blink frogs (Lair:1)
  2 shadows
  Sigmund (D:6)
  A wyvern (D:10)
  4 yaks (D:10)
  A two-headed ogre zombie (D:9)
  3 water moccasins (Lair:1)
  2 orc warriors
  A phantom (D:9)
  2 sky beasts
  9 ice beasts
  3 ogres
  2 centaurs
  A big kobold (D:10)
  5 bullfrogs
  A wyvern skeleton (D:8)
  2 scorpions
  3 troll zombies (D:9)
  8 wights
  4 killer bees (D:8)
  3 howler monkeys
  A quasit (D:10)
  2 hounds
  A jelly (D:6)
  8 orc wizards
  A bullfrog skeleton (D:9)
  3 orc priests
  3 centaur skeletons
  Jessica (D:3)
  2 iguanas
  8 worker ants
  3 ogre zombies (D:9)
  A hound zombie (D:8)
  Robin (D:3)
  3 mummies
  14 adders
  A shadow imp (D:7)
  2 white imps
  An ufetubus (D:9)
  2 oozes
  2 adder skeletons
  3 adder zombies
  4 worms
  6 leopard geckos
  24 orcs
  11 giant cockroaches
  14 goblins
  16 hobgoblins
  3 jackals (D:4)
  14 kobolds
  4 quokkas
  3 ball pythons
  9 bats
  A frilled lizard (D:2)
  3 goblin skeletons (D:9)
  4 goblin zombies
  4 hobgoblin zombies (Ossuary)
  2 kobold zombies (Ossuary)
  5 orc skeletons (D:9)
  13 orc zombies (D:9)
  A quokka skeleton (D:6)
  3 quokka zombies
  5 rats
  A rat zombie (Ossuary)
  A butterfly (Lair:1)
282 creatures vanquished.

Vanquished Creatures (collateral kills)
  A rime drake (Lair:1)
  A troll (D:9)
  A basilisk (Lair:1)
  A water moccasin (Lair:1)
  An orc warrior (D:8)
  3 ice beasts (Lair:2)
  A centaur (D:5)
  2 howler monkeys (D:8)
  A hound (D:4)
  2 orc priests (D:8)
  An orc wizard (D:3)
  2 iguanas
  An ogre zombie (D:9)
  A mummy (Ossuary)
  An adder (D:4)
  An adder zombie (Ossuary)
  4 orcs
  A kobold (D:10)
  A quokka (D:3)
  A goblin zombie (Ossuary)
  2 kobold zombies (Ossuary)
  2 orc zombies (D:9)
  A rat zombie (Ossuary)
33 creatures vanquished.

Vanquished Creatures (others)
  A kobold (D:3)
  A fungus (Lair:1)
  21 plants
23 creatures vanquished.

Grand Total: 338 creatures vanquished

Notes
Turn   | Place    | Note
-------+----------+-------------------------------------------
     0 | D:1      | Goblin1989 the Demonspawn Brigand began the quest for the
                  | Orb.
     0 | D:1      | Reached XP level 1. HP: 16/16 MP: 1/1
   169 | D:1      | Gained mutation: You have sharp fingernails. [demonic
                  | ancestry]
   169 | D:1      | Reached XP level 2. HP: 19/22 MP: 2/2
   472 | D:1      | Reached XP level 3. HP: 9/27 MP: 3/3
  1255 | D:2      | Found a faded altar of an unknown god.
  1276 | D:2      | Reached skill level 1 in Dodging
  1645 | D:2      | Reached skill level 1 in Unarmed Combat
  2025 | D:2      | Found a hazy altar of Hepliaklqana.
  2068 | D:2      | Reached XP level 4. HP: 33/33 MP: 4/4
  2209 | D:2      | Found an ancient bone altar of Kikubaaqudgha.
  2419 | D:3      | Noticed Jessica
  2444 | D:3      | Killed Jessica
  3238 | D:3      | Reached skill level 2 in Unarmed Combat
  3571 | D:3      | Gained mutation: A weak demonic guardian rushes to your
                  | aid. [demonic ancestry]
  3571 | D:3      | Reached XP level 5. HP: 29/39 MP: 5/5
  3848 | D:3      | Noticed an ice beast
  3888 | D:3      | HP: 2/40 [orc wizard/magic dart (7)]
  4453 | D:3      | Noticed Robin
  4460 | D:3      | Killed Robin
  4816 | D:4      | Reached skill level 3 in Unarmed Combat
  5080 | D:4      | Reached XP level 6. HP: 33/47 MP: 6/6
  5563 | D:4      | Gained mutation: You are strong-willed. (Will+) [potion of
                  | mutation]
  5563 | D:4      | Gained mutation: You evolve. [potion of mutation]
  5852 | D:5      | Entered Level 5 of the Dungeon
  5902 | D:5      | Found a sparkling altar of Nemelex Xobeh.
  5902 | D:5      | Found a shimmering blue altar of Sif Muna.
  5967 | D:5      | Reached skill level 4 in Unarmed Combat
  6279 | D:5      | Gained mutation: You have very sharp fingernails. [demonic
                  | ancestry]
  6279 | D:5      | Reached XP level 7. HP: 5/53 MP: 7/7
  6874 | D:5      | Found the +10 zealot's sword {holy, *Rage rN+ EV+3}
  7050 | D:6      | Found a staircase to the Ecumenical Temple.
  7056 | Temple   | Entered the Ecumenical Temple
  7071 | Temple   | Became a worshipper of Gozag Ym Sagoz the Greedy
  7101 | D:6      | Identified the Compendium of Poisonous Cold
  7119 | D:6      | Found a sand-covered staircase.
  7130 | Ossuary  | Entered an ossuary
  8110 | D:6      | Reached skill level 1 in Evocations
  8467 | D:6      | Noticed Sigmund
  8476 | D:6      | Killed Sigmund
  8477 | D:6      | Gained mutation: Your movements are slightly less
                  | encumbered by armour. (ER -2) [demonic ancestry]
  8477 | D:6      | Reached XP level 8. HP: 58/60 MP: 8/8
  9184 | D:7      | Reached skill level 5 in Evocations
  9291 | D:7      | Found the +8 demon trident "Rift" {distort, reach+}
  9626 | D:7      | Found an ornate altar of the Wu Jian Council.
  9631 | D:7      | Identified the Collected Works on the Birds
  9642 | D:7      | Found a sacrificial altar of Ru.
  9644 | D:7      | Found a blossoming altar of Fedhas.
  9644 | D:7      | Found a burning altar of Makhleb.
  9703 | D:7      | Found a radiant altar of Vehumet.
  9919 | D:7      | Noticed a manticore
  9927 | D:7      | Killed a manticore
  9928 | D:7      | Reached skill level 1 in Armour
  9928 | D:7      | Reached skill level 1 in Shields
  9928 | D:7      | Reached skill level 5 in Unarmed Combat
 10592 | D:8      | Reached XP level 9. HP: 58/67 MP: 9/9
 10698 | D:8      | Noticed a two-headed ogre
 10734 | D:7      | Killed a two-headed ogre
 10735 | D:7      | Reached skill level 5 in Fighting
 10735 | D:7      | Reached skill level 6 in Unarmed Combat
 11537 | D:8      | Got a fine leather armour
 11647 | D:8      | Found a blossoming altar of Fedhas.
 11672 | D:8      | Noticed Erica
 11701 | D:8      | Killed Erica
 11702 | D:8      | Reached skill level 5 in Dodging
 11702 | D:8      | Reached skill level 7 in Unarmed Combat
 12077 | D:8      | Gained mutation: You have claws for hands. [demonic
                  | ancestry]
 12077 | D:8      | Reached XP level 10. HP: 71/76 MP: 10/10
 12303 | D:9      | Found a staircase to the Orcish Mines.
 13026 | D:8      | Gained mutation: Scrolls take you a little longer to read.
                  | [evolution]
 13936 | D:9      | Identified the +6 leather armour the Barnacled Jackalope
                  | {-Cast Rampage +Inv SInv} (You found it on level 8 of the
                  | Dungeon)
 13968 | D:10     | Entered Level 10 of the Dungeon
 14029 | D:10     | Found a staircase to the Lair.
 14143 | D:10     | Reached skill level 8 in Unarmed Combat
 14747 | Lair:1   | Entered Level 1 of the Lair of Beasts
 14812 | Lair:1   | Reached skill level 9 in Unarmed Combat
 14996 | Lair:1   | Noticed a six-headed hydra
 15014 | Lair:1   | Killed a six-headed hydra
 15015 | Lair:1   | Gained mutation: A demonic guardian rushes to your aid.
                  | [demonic ancestry]
 15015 | Lair:1   | Reached XP level 11. HP: 84/84 MP: 11/11
 15098 | Lair:1   | Learned a level 6 spell: Statue Form
 15326 | Lair:1   | Found a large runed translucent door.
 15326 | Lair:1   | Found a large runed translucent door.
 15329 | Lair:1   | Noticed Kuidesed's ghost (journeyman DrCj)
 16149 | Lair:2   | Found a frozen archway.
 16193 | IceCv    | Entered an ice cave
 16193 | IceCv    | Noticed a white ugly thing
 16214 | IceCv    | Demolished by a white ugly thing

Illustrated notes

Levels and vault maps discovered:
D:1:      shiori_arrival_elements, layout_basic
D:2:      layout_loops_ring, nzn_hepliaklqana_mist_gate,
          lemuel_coloured_pillars_altar, chequers_ecumenical_altar_simple
D:3:      layout_basic, st_stairs_2, uniq_jessica, uniq_robin
D:4:      layout_rooms, minmay_misc_feat_nine_boxes, kennysheep_generic_room_7
D:5:      layout_basic, gammafunk_temple_overflow_statue, serial_bayou_pond_c,
          moated_statue
D:6:      layout_basic, minmay_temple_entry_waves, gup_ossuary_entry_pyramid,
          uniq_sigmund
D:7:      lemuel_ice_spiral_2, layout_rooms, minitemple
D:8:      layout_loops_cross, basic_altar, uniq_erica
D:9:      layout_roguey, zombieorc2_lemuel
D:10:     layout_basic, dpeg_oklobed_lair
Temple:   nicolae_temple_god_jail
Lair:1:   layout_gridlike, ebering_ghost_disaster_area, serial_bayou_lagoon_a,
          lemuel_fruit_fields, infiniplex_staircase_pool_2
Lair:2:   layout_loops_ring, nicolae_spider_entry_non_spiders,
          portal_ice_cave_entry_ice_beasts
IceCv:    ice_cave_statue_garden_transporter

Skill      XL: |  1  2  3  4  5  6  7  8  9 10 |
---------------+-------------------------------+-----
Short Blades   | 2 3 |  3.0
Stealth        | 4 |  4.0
Dodging        | 1 2 3 5 6 |  6.9
Unarmed Combat | 1 2 3 4 5 7 9 |  9.8
Fighting       | 3 4 6 7 |  7.9
Evocations     | 4 6 |  6.0
Armour         | 1 3 4 |  4.0
Shields        | 1 3 4 |  4.0
Throwing       | |  1.7

Action                   |  1- 3 |  4- 6 |  7- 9 | 10-12 || total
-------------------------+-------+-------+-------+-------++-------
Melee: Dagger            |   155 |   274 |       |       ||   429
       Unarmed           |       |    41 |   329 |   398 ||   768
       Punch             |       |     1 |     2 |       ||     3
Throw: Dart              |     3 |    38 |    41 |       ||    82
       Stone             |       |     3 |       |       ||     3
Invok: Potion Petition   |       |       |       |     1 ||     1
 Abil: Evoke Invisibilit |       |       |     2 |       ||     2
Evoke: Wand              |       |       |     3 |     7 ||    10
  Use: Scroll            |       |     7 |     9 |     4 ||    20
       Potion            |       |     8 |     3 |     1 ||    12
 Stab: Sleeping          |    12 |     3 |    15 |     8 ||    38
       Distracted        |       |       |     1 |    10 ||    11
       Invisible         |       |       |     5 |       ||     5
Armor: Robe              |    46 |    70 |    11 |       ||   127
       Skin              |       |       |    20 |       ||    20
       Leather armour    |       |       |    47 |    96 ||   143
Dodge: Dodged            |    83 |   208 |   189 |   207 ||   687
Block: Buckler           |       |       |    34 |    83 ||   117
